 Dungeon Crawl Stone Soup version 0.27-a0-1591-gc56fcc985a (webtiles) character file.

Game seed: 17785468079984961218

17 DocSulfur the Chucker (level 2, -4/27 HPs)
             Began as a Troll Hunter on July 19, 2021.
             Slain by an ogre (23 damage)
             ... on level 2 of the Dungeon.
             The game lasted 00:01:28 (756 turns).

DocSulfur the Chucker (Troll Hunter)                 Turns: 756, Time: 00:01:28

Health: -4/27      AC:  4    Str: 19    XL:     2   Next: 44%
Magic:  1/1        EV:  9    Int:  7    God:
Gold:   15         SH:  0    Dex: 10    Spells: 1/1 levels left

rFire    . . .     SeeInvis .     - Unarmed
rCold    . . .     Faith    .   (no shield)
rNeg     . . .     Spirit   .   b - +0 robe
rPois    .         Reflect  .   (helmet restricted)
rElec    .         Harm     .   (no cloak)
rCorr    .         Rampage  .   (gloves unavailable)
Will     .....                  (boots unavailable)
Stlth    +.........             (no amulet)
HPRegen  1.09/turn              (no ring)
MPRegen  0.07/turn              (no ring)

@: no status effects
A: large, unfitting armour, claws 3, regeneration 1, shaggy fur 1, tough skin 1
a: no special abilities


You were on level 2 of the Dungeon.
You visited 1 branch of the dungeon, and saw 2 of its levels.

You collected 15 gold pieces.

Inventory:

Hand Weapons
 a - a +0 short sword
Missiles
 d - 2 throwing nets (quivered)
Armour
 b - a +0 robe (worn)
Jewellery
 e - a ring of wizardry
Scrolls
 f - a scroll of enchant weapon {unknown}
 h - a scroll of silence {unknown}
Potions
 g - a potion of ambrosia {unknown}


   Skills:
 - Level 1.5 Fighting
 - Level 3.6 Throwing
 - Level 1.5 Dodging
 - Level 0.3 Stealth
 * Level 2.2 Unarmed Combat


You had one spell level left.
You didn't know any spells.
Your spell library contained the following spells:

 Spells                   Type           Power      Damage    Failure   Level
 Inner Flame              Hex/Fire       0%         N/A       80%         3
 Cause Fear               Hex            0%         N/A       99%         4
 Discord                  Hex            0%         N/A       100%        8


Dungeon Overview and Level Annotations

Branches:
Dungeon (2/15)

Altars:

Annotations:
D:2 Natasha


Innate Abilities, Weirdness & Mutations

You are too large for most types of armour.
You have claws for hands.
Your natural rate of healing is unusually fast.
You are covered in fur. (AC +1)
You have tough skin. (AC +1)


Message History

The goblin misses you. The ogre closely misses you. The hobgoblin hits you.
You closely miss the goblin. The hobgoblin hits you.
Natasha casts a spell.
The goblin closely misses you. The hobgoblin barely misses you.
You closely miss the goblin. The hobgoblin misses you.
The goblin barely misses you. The hobgoblin hits you.
You scratch the goblin.
You kill the goblin!
The hobgoblin hits you.
The hobgoblin hits you but does no damage.
The crimson imp blinks!
Throw: 3 large rocks
Press: ? - help, Q - select action, (/) - cycle Shift-Dir - straight line, f/p - ogre
Aim: an ogre, wielding a +0 giant spiked club (severely wounded, 72% to hit)
You throw a large rock.
The large rock closely misses the hobgoblin.
The large rock closely misses the ogre.
Natasha mumbles some strange words.
The hobgoblin barely misses you. The hobgoblin closely misses you.
The goblin barely misses you. The hobgoblin hits you.
The goblin closely misses you. The hobgoblin misses you.
Throw: 2 large rocks
Press: ? - help, Q - select action, (/) - cycle Shift-Dir - straight line, f/p - ogre
Aim: an ogre, wielding a +0 giant spiked club (severely wounded, 72% to hit)
You throw a large rock. The large rock hits the hobgoblin!
You kill the hobgoblin!
The goblin completely misses you.
The hobgoblin hits you but does no damage.
The ogre hits you with a +0 giant spiked club.
Throw: large rock
Press: ? - help, Q - select action, (/) - cycle Shift-Dir - straight line, f/p - ogre
Aim: an ogre, wielding a +0 giant spiked club (severely wounded, 72% to hit)
You throw a large rock. The large rock barely misses the ogre.
The hobgoblin closely misses you. The goblin closely misses you.
The ogre hits you with a +0 giant spiked club.
The hobgoblin closely misses you. The goblin barely misses you.
The ogre hits you with a +0 giant spiked club!!
Ouch! That really hurt!
You die...

#### ##########
....########.<.......
...........#.........
..........5#.........
.....)....g#.........
.........gg@.........
..........gO#.........
....####.(.h#.........
...(..†....##.........
.....(..5..#........##
....................#
#...#...............#
..h #(..............#
.g #...........


You could see an ogre, Natasha, a crimson imp (summoned), a white imp
(summoned), a hobgoblin and 3 goblins.

Vanquished Creatures
  2 bats (D:1)
  An endoplasm (D:1)
  A giant cockroach (D:1)
  3 goblins
  A hobgoblin (D:2)
  3 ball pythons (D:1)
  3 frilled lizards
  A kobold (D:1)
  3 rats (D:1)
18 creatures vanquished.

Notes
Turn   | Place    | Note
-------+----------+-------------------------------------------
     0 | D:1      | DocSulfur the Troll Hunter began the quest for the Orb.
     0 | D:1      | Reached XP level 1. HP: 19/19 MP: 0/0
    66 | D:1      | Reached skill level 1 in Unarmed Combat
    95 | D:1      | Reached XP level 2. HP: 27/27 MP: 1/1
   737 | D:2      | Noticed an ogre
   741 | D:2      | Noticed Natasha
   752 | D:2      | Noticed a crimson imp
   756 | D:2      | Slain by an ogre

Illustrated notes

Levels and vault maps discovered:
D:1:      lemuel_arrival_hallway, layout_basic, minmay_misc_feat_encased,
          minmay_misc_feat_rugged, chequers_serial_rivers_micro_e,
          grunt_decor_resistance
D:2:      layout_basic, uniq_natasha, uniq_robin

Skill      XL: |  1  2 |
---------------+-------+-----
Unarmed Combat | 1 2 |  2.2
Fighting       | |  1.5
Throwing       | |  3.6
Dodging        | |  1.5
Stealth        | |  0.3

Action                   || total
-------------------------++-------
Melee: Unarmed           ||    38
       Short sword       ||     2
Throw: Large rock        ||     5
Armor: Robe              ||    17
Dodge: Dodged            ||    37

Table legend: (Time is in decaauts)
 A = Elapsed time spent in this place.
 B = Non-inter-level travel time spent in this place.
 C = Inter-level travel time spent in this place.
 D = Time resting spent in this place.
 E = Time spent auto-exploring this place.
 F = Levels seen in this place.
 G = Mean time per level.
                   A        B        C        D        E       F      G
               +--------+--------+--------+--------+--------+-----+--------+
         Total |    757 |    729 |     28 |      0 |    596 |   2 |  378.5 |
       Dungeon |    757 |    729 |     28 |      0 |    596 |   2 |  378.5 |
               +--------+--------+--------+--------+--------+-----+--------+

Top non-repeatable levels by time:
     D:1: 724 daAuts
     D:2: 32 daAuts
